 Dungeon Crawl Stone Soup version 0.28.0 (webtiles) character file.

Game seed: 10112005980144156106

4 Steelback the Ruffian (level 1, 0/16 HPs)
             Began as a Draconian Transmuter on Feb 14, 2022.
             Slain by a hobgoblin (1 damage)
             ... on level 1 of the Dungeon.
             The game lasted 00:00:36 (33 turns).

Steelback the Ruffian (Draconian Transmuter)          Turns: 33, Time: 00:00:37

Health: 0/16       AC:  4    Str: 12    XL:     1   Next: 50%
Magic:  1/3        EV: 12    Int: 13    God:
Gold:   0          SH:  0    Dex: 11    Spells: 3/4 levels left

rFire   . . .      SeeInvis .     - Unarmed
rCold   . . .      Faith    .   (no shield)
rNeg    . . .      Spirit   .   (armour unavailable)
rPois   .          Reflect  .   (helmet restricted)
rElec   .          Harm     .   (no cloak)
rCorr   .          Rampage  .   (no gloves)
Will    .....                   (no boots)
Stlth   +.........              (no amulet)
HPRegen 0.05/turn               (no ring)
MPRegen 0.08/turn               (no ring)

@: very slightly contaminated
A: AC +4, unfitting armour, cold-blooded
a: no special abilities


You were on level 1 of the Dungeon.
You visited 1 branch of the dungeon, and saw 1 of its levels.

You aren't carrying anything.


   Skills:
 + Level 1.1 Fighting
 + Level 1.7 Dodging
 + Level 3.1 Unarmed Combat
 + Level 2.1 Spellcasting
 * Level 2.1 Transmutations


You had 3 spell levels left.
You knew the following spells:

 Your Spells              Type           Power      Damage    Failure   Level
a - Beastly Appendage     Tmut           12%        N/A       11%         1

Your spell library contained the following spells:

 Spells                   Type           Power      Damage    Failure   Level
 Wereblood                Tmut           6%         N/A       16%         2
 Spider Form              Tmut/Pois      4%         N/A       45%         3
 Ice Form                 Ice/Tmut       4%         N/A       86%         4


Dungeon Overview and Level Annotations

Branches:
Dungeon (1/15)

Altars:


Innate Abilities, Weirdness & Mutations

Your plain brown scales are hard. (AC +4)
You cannot fit into any form of body armour.
You are cold-blooded and may be slowed by cold attacks.


Message History

Your transformation is almost over.
The bat closely misses you.
There is an open door here.
You are too injured to fight recklessly!
Casting: Beastly Appendage (safe; 11% risk of failure)
Confirm with . or Enter, or press ? or * to list all spells.
You miscast Beastly Appendage.
You are very lightly contaminated with residual magic.
Nothing appears to happen.
The giant cockroach closely misses you.
Casting: Beastly Appendage (safe; 11% risk of failure)
Confirm with . or Enter, or press ? or * to list all spells.
You miscast Beastly Appendage.
Nothing appears to happen.
The giant cockroach bites you.
You barely miss the giant cockroach. Your kick misses the giant cockroach.
The giant cockroach closely misses you. The giant cockroach bites you.
You barely miss the giant cockroach. The giant cockroach barely misses you.
You closely miss the giant cockroach. You claw the giant cockroach.
You kill the giant cockroach!
The bat misses you.
You barely miss the bat. Your headbutt misses the bat.
The bat hits you but does no damage. The bat hits you.
* * * LOW HITPOINT WARNING * * *
You hit the bat.
You kill the bat!
You hit the ball python.
You kill the ball python!
Your horns disappear.
Your talons disappear.
You barely miss the hobgoblin.
You tail-slap the hobgoblin, but do no damage.
The hobgoblin hits you.
* * * LOW HITPOINT WARNING * * *
You barely miss the hobgoblin.
The hobgoblin hits you but does no damage.
You hit the hobgoblin.
Your tail-slap misses the hobgoblin.
The hobgoblin is heavily wounded.
The hobgoblin closely misses you.
You hit the hobgoblin but do no damage.
Your tail-slap misses the hobgoblin.
The hobgoblin is heavily wounded.
The hobgoblin hits you.
You die...

###.# .# ...###
#.# .....##...
.........
.........
###........
#..........
###g#........
#.@##........
###'#+#........
#..## .........
###'#+
#........ #<..#
#...##... ###+#
#..## .#. ....
#


You could see a hobgoblin.

Vanquished Creatures
  An endoplasm (D:1)
  A giant cockroach (D:1)
  A ball python (D:1)
  A bat (D:1)
4 creatures vanquished.

Notes
Turn   | Place    | Note
-------+----------+-------------------------------------------
     0 | D:1      | Steelback the Draconian Transmuter began the quest for the
                  | Orb.
     0 | D:1      | Reached XP level 1. HP: 16/16 MP: 3/3
    33 | D:1      | Slain by a hobgoblin

Illustrated notes

Levels and vault maps discovered:
D:1:      erik_arrival_triangle_medium, layout_rooms, serial_shops,
          nicolae_shop_temple_entry_statues_fountains,
          nicolae_shop_overgrown_old_shop, nicolae_diamond_shop,
          nicolae_shop_crystal, nicolae_shop_crystal,
          chequers_serial_rivers_micro_b

Action                   || total
-------------------------++-------
Melee: Unarmed           ||    14
       Kick              ||     2
       Tailslap          ||     1
 Cast: Beastly Appendage ||     1
Armor: Skin              ||     7
Dodge: Dodged            ||    10
